 Dungeon Crawl Stone Soup version 0.29.1-13-g9f3cf754e1 (webtiles) character file.

Game seed: 12038228011985552090

179 khekkus the Digger (level 5, -11/28 HPs)
             Began as a Gargoyle Earth Elementalist on Jan 23, 2023.
             Mangled by an iguana (12 damage)
             ... on level 4 of the Dungeon.
             The game lasted 00:16:43 (3408 turns).

khekkus the Digger (Gargoyle Earth Elementalist)    Turns: 3408, Time: 00:16:44

Health: -11/28     AC:  6    Str: 12    XL:     5   Next: 59%
Magic:  6/10       EV: 11    Int: 17    God:
Gold:   111        SH:  3    Dex: 10    Spells: 4/10 levels left

rFire   . . .      SeeInvis +   c - +1 hand axe (vamp)
rCold   . . .      Faith    .   r - +0 buckler
rNeg    + . .      Spirit   .   a - +0 robe
rPois   ∞          Reflect  .   (no helmet)
rElec   +          Harm     +   (no cloak)
rCorr   .          Rampage  .   (no gloves)
Will    .....                   (no boots)
Stlth   +++.......              o - amulet of the Foremost Realms {Acrobat Harm rElec SInv Stlth+}
HPRegen 0.09/turn               i - +4 ring of slaying
MPRegen 0.12/turn               (no ring)

@: no status effects
A: sickness immunity, AC +4, negative energy resistance 1, electricity
resistance, torment resistance 1, petrification resistance
a: no special abilities


You were on level 4 of the Dungeon.
You visited 1 branch of the dungeon, and saw 4 of its levels.

You collected 111 gold pieces.

Inventory:

Hand Weapons
 c - a +1 vampiric hand axe (weapon)
 f - a +0 whip
Missiles
 d - a throwing net
Armour
 a - a +0 robe (worn)
 h - a +2 ring mail of willpower
 r - a +0 buckler (worn)
 v - the +1 ring mail "Vantesas" {rElec}
   (You found it on level 4 of the Dungeon)

   rElec:     It insulates you from electricity.
Jewellery
 i - a +4 ring of slaying (left hand)
 o - the amulet of the Foremost Realms (around neck) {Acrobat Harm rElec SInv Stlth+}
   (You found it on level 2 of the Dungeon)

   [amulet of the acrobat]

   It increases your evasion while moving and waiting.
   rElec:     It insulates you from electricity.
   SInv:      It lets you see invisible.
   Harm:      It increases damage dealt and taken.
   Stlth:     It makes you more stealthy.
 p - a ring of ice
Scrolls
 g - a scroll of blinking {unknown}
 j - 3 scrolls of identify {unknown}
 k - a scroll of silence {unknown}
 q - a scroll of teleportation {unknown}
 w - a scroll of brand weapon {unknown}
Potions
 b - a potion of magic
 e - a potion of invisibility {unknown}
 l - a potion of degeneration {unknown}
 m - 3 potions of curing {unknown}
 n - a potion of heal wounds {unknown}
 s - a potion of brilliance {unknown}
 t - a potion of haste {unknown}
 u - a potion of might {unknown}


   Skills:
 - Level 1.5 Dodging
 - Level 2.2 Stealth
 + Level 1.3 Shields
 + Level 3.4 Spellcasting
 + Level 1.1 Conjurations
 + Level 1.6 Transmutations
 + Level 5.2 Earth Magic


You had 4 spell levels left.
You knew the following spells:

 Your Spells              Type           Power      Damage    Failure   Level
a - Sandblast             Erth           40%        2d10      2%          1
b - Passwall              Tmut/Erth      11%        N/A       9%          2
c - Stone Arrow           Conj/Erth      26%        3d8       19%         3

Your spell library contained the following spells:

 Spells                   Type           Power      Damage    Failure   Level
 Poisonous Vapours        Pois/Air       4%         N/A       32%         2
 Petrify                  Tmut/Erth      14%        N/A       47%         4
 Corpse Rot               Necr/Pois/Air  2%         N/A       91%         4
 Iskenderun's Battlesphe  Conj           6%         2d6       98%         5
 Fireball                 Conj/Fire      2%         3d4       99%         5
 Conjure Ball Lightning   Conj/Air       2%         3x3d6     100%        6
 Orb of Destruction       Conj           3%         9d5       100%        7


Dungeon Overview and Level Annotations

Branches:
Dungeon (4/15)
 Temple: D:4-7

Altars:


Innate Abilities, Weirdness & Mutations

You are immune to sickness and miasma.
Your stone body is resilient. (AC +4)
You are immune to poison.
You resist negative energy. (rN+)
You are resistant to electric shocks. (rElec)
You are resistant to unholy torment.
You are immune to petrification.


Message History

The blast of sand hits the iguana but does no damage.
The iguana hisses angrily.
Casting: Sandblast (safe; 2% risk of failure)
Confirm with . or Enter, or press ? or * to list all spells.
Aiming: Sandblast (safe; 2% risk of failure)
Press: ? - help, Shift-Dir - straight line, f/p - iguana
Aim: an iguana (85% to hit)
The blast of sand hits the iguana.
The iguana is moderately wounded.
Casting: Sandblast (safe; 2% risk of failure)
Confirm with . or Enter, or press ? or * to list all spells.
Aiming: Sandblast (safe; 2% risk of failure)
Press: ? - help, Shift-Dir - straight line, f/p - iguana
Aim: an iguana (moderately wounded, 85% to hit)
The blast of sand hits the iguana but does no damage.
The iguana is moderately wounded.
The iguana bites you.
Casting: Sandblast (safe; 2% risk of failure)
Confirm with . or Enter, or press ? or * to list all spells.
Aiming: Sandblast (safe; 2% risk of failure)
Press: ? - help, Shift-Dir - straight line, f/p - iguana
Aim: an iguana (moderately wounded, 85% to hit)
The blast of sand hits the iguana but does no damage.
The iguana is moderately wounded.
The iguana bites you. x2
Casting: Sandblast (safe; 2% risk of failure)
Confirm with . or Enter, or press ? or * to list all spells.
Aiming: Sandblast (safe; 2% risk of failure)
Press: ? - help, Shift-Dir - straight line, f/p - iguana
Aim: an iguana (moderately wounded, 85% to hit)
The blast of sand misses the iguana.
The iguana barely misses you.
You hit the iguana but do no damage.
The iguana is moderately wounded.
The iguana closely misses you. The iguana bites you!
Ouch! That really hurt!
* * * LOW HITPOINT WARNING * * *
You barely miss the iguana.
The iguana is moderately wounded.
The iguana bites you!
You die...

####......# .#
#......# ..
.###......# ..
..........########
.##
####...).........#
..#
####+#.########
).# #....<...# ..#
##.......####)#
#).......#@l).#
#........#.####
#.....####.#
#.....####.#
######..........#
#.........>######
##.##########
#......# #..###.#


You could see an iguana.

Vanquished Creatures
  2 hounds (D:4)
  An orc wizard (D:4)
  A gnoll (D:1)
  2 adders
  2 worms (D:3)
  2 dart slugs
  4 orcs
  3 ball pythons
  5 bats
  4 endoplasms
  2 giant cockroaches (D:2)
  3 goblins
  6 hobgoblins
  5 kobolds
  3 quokkas
  5 frilled lizards
  6 rats
56 creatures vanquished.

Vanquished Creatures (others)
  2 plants (D:1)
2 creatures vanquished.

Grand Total: 58 creatures vanquished

Notes
Turn   | Place    | Note
-------+----------+-------------------------------------------
     0 | D:1      | khekkus the Gargoyle Earth Elementalist began the quest for
                  | the Orb.
     0 | D:1      | Reached XP level 1. HP: 10/10 MP: 3/3
   243 | D:1      | Reached XP level 2. HP: 15/15 MP: 3/5
   267 | D:1      | Reached skill level 4 in Earth Magic
   400 | D:1      | Reached XP level 3. HP: 11/19 MP: 6/6
   799 | D:1      | Learned a level 2 spell: Passwall
  2075 | D:2      | Identified the amulet of the Foremost Realms {Acrobat Harm
                  | rElec SInv Stlth+}
  2087 | D:2      | Reached XP level 4. HP: 23/24 MP: 8/8
  2355 | D:3      | Reached skill level 1 in Transmutations
  3003 | D:4      | Learned a level 3 spell: Stone Arrow
  3018 | D:4      | Reached skill level 5 in Earth Magic
  3018 | D:4      | Reached XP level 5. HP: 28/28 MP: 5/9
  3128 | D:4      | Reached skill level 1 in Shields
  3245 | D:4      | Identified the +1 ring mail "Vantesas" {rElec}
  3385 | D:4      | Reached skill level 1 in Conjurations
  3407 | D:4      | HP: 1/28 [iguana (14)]
  3408 | D:4      | Mangled by an iguana

Illustrated notes

Levels and vault maps discovered:
D:1:      minmay_arrival_stone_box, layout_basic,
          chequers_serial_rivers_large_a, chequers_big_river,
          skrybe_limestone_x, serial_park_tiny_1, minmay_misc_feat_encased
D:2:      layout_loops_cross, minmay_misc_feat_rows
D:3:      layout_loops_ring
D:4:      layout_basic, minmay_temple_entry_antechambers

Skill      XL: |  1  2  3  4  5 |
---------------+----------------+-----
Earth Magic    | 4 5 |  5.2
Spellcasting   | 3 |  3.4
Transmutations | 1 |  1.6
Shields        | 1 |  1.3
Conjurations   | 1 |  1.1
Dodging        | |  1.5
Stealth        | |  2.2

Action                   |  1- 3 |  4- 6 || total
-------------------------+-------+-------++-------
Melee: Hand axe          |    49 |    42 ||    91
       Punch             |     1 |       ||     1
 Cast: Sandblast         |    26 |    17 ||    43
 Stab: Sleeping          |     1 |     6 ||     7
Armor: Robe              |    23 |     6 ||    29
Dodge: Dodged            |    30 |    25 ||    55
Block: Buckler           |       |     5 ||     5
